 Dungeon Crawl Stone Soup version 0.20-a0-959-gdc9e609 (webtiles) character file.

3834 Econoterrorist the Thaumaturge (level 9, 0/64 HPs)
             Began as a Grey Draconian Transmuter on Apr 6, 2017.
             Was an Elder of Sif Muna.
             Slain by a two-headed ogre
             ... wielding a +0 giant club
              (9 damage)
             ... on level 7 of the Dungeon.
             The game lasted 00:30:31 (10495 turns).

Econoterrorist the Thaumaturge (DrTm)              Turns: 10495, Time: 00:30:32

Health: 0/64       AC: 15    Str: 18    XL:     9   Next: 98%
Magic:  0/22       EV: 17    Int: 16    God:    Sif Muna [****..]
Gold:   478        SH:  0    Dex: 16    Spells: 13/26 levels left

rFire    . . .     SeeInvis .     - Unarmed
rCold    . . .     Gourm    .   (shield currently unavailable)
rNeg     . . .     Faith    .   (armour unavailable)
rPois    .         Spirit   +   (helmet restricted)
rElec    .         Reflect  .   s - +2 cloak
rCorr    .         Harm     .   (gloves currently unavailable)
MR       .....                  (no boots)
Stlth    ++........             D - amulet of guardian spirit
Regen    0.2/turn               u - +4 ring of strength
MPRegen  0.2/turn               B - ring of wizardry

@: agile, blade hands
A: walk through water, unfitting armour, unbreathing, cold-blooded, AC +12
a: End Transformation, Divine Energy, Channel Magic, Forget Spell, Renounce
Religion


You were on level 7 of the Dungeon.
You worshipped Sif Muna.
Sif Muna was greatly pleased with you.
You were hungry.
You had blades for hands.
You visited 2 branches of the dungeon, and saw 9 of its levels.

You collected 528 gold pieces.
You spent 50 gold pieces at shops.

Inventory:

Armour
 s - a +2 cloak (worn)
Jewellery
 u - a +4 ring of strength (left scythe-like blade)
 B - a ring of wizardry (right scythe-like blade)
 D - an amulet of guardian spirit (around neck)
Wands
 F - a wand of disintegration (11/24)
 G - a wand of acid (10/15)
 H - a wand of acid (6/15)
 J - a wand of disintegration (9/24)
Scrolls
 a - a scroll of fear {unknown}
 e - 2 scrolls of enchant armour
 g - 4 scrolls of teleportation {unknown}
 m - 2 scrolls of identify
 o - a scroll of recharging {unknown}
 q - 2 scrolls of enchant weapon {unknown}
 t - a scroll of amnesia {unknown}
 v - 6 scrolls of remove curse
 y - 3 scrolls of fog {unknown}
Potions
 d - 2 potions of heal wounds {unknown}
 f - a potion of flight {unknown}
 h - a potion of haste {unknown}
 i - 2 potions of brilliance
 j - a potion of degeneration {unknown}
 n - 4 potions of agility
 p - 2 potions of cancellation
 r - 5 potions of curing
 w - a potion of berserk rage {unknown}
 z - a potion of ambrosia {unknown}
 C - a potion of might
 E - 2 potions of lignification {unknown}
 K - a potion of magic {unknown}
Books
 b - a book of Changes

   Spells                             Type                      Level
   a - Beastly Appendage              Transmutation                1
   b - Sticks to Snakes               Transmutation                2
   c - Spider Form                    Transmutation/Poison         3
   d - Ice Form                       Ice/Transmutation            4
   e - Blade Hands                    Transmutation                5
 I - a book of Conjurations

   Spells                             Type                      Level
   a - Magic Dart                     Conjuration                  1
   b - Searing Ray                    Conjuration                  2
   c - Dazzling Spray                 Conjuration/Hexes            3
   d - Fulminant Prism                Conjuration/Hexes            4
   e - Force Lance                    Conjuration/Translocation    4
   f - Iskenderun's Mystic Blast      Conjuration                  4
Comestibles
 c - 5 bread rations
 k - 17 fruits
 l - a royal jelly
 x - 2 meat rations
 A - 3 chunks of flesh


   Skills:
 - Level 1.1 Fighting
 - Level 1.7 Dodging
 - Level 6.0 Unarmed Combat
 + Level 9.4 Spellcasting
 - Level 8.3 Transmutations
 - Level 3.4 Poison Magic


You had 13 spell levels left.
You knew the following spells:

 Your Spells              Type           Power        Failure   Level  Hunger
a - Beastly Appendage     Tmut           ####..       4%          1    None
b - Spider Form           Tmut/Pois      ####......   10%         3    None
c - Blade Hands           Tmut           ####......   22%         5    #####..
d - Ice Form              Ice/Tmut       ###.....     28%         4    ###....


Dungeon Overview and Level Annotations

Branches:
Dungeon (8/15)             Temple (1/1) D:5            Lair (0/6) D:8

Altars:
Ashenzari
Cheibriados
Dithmenos
Elyvilon
Fedhas
Gozag
Hepliaklqana
Kikubaaqudgha
Makhleb
Nemelex Xobeh
Okawaru
Qazlal
Ru
Sif Muna
Trog
Uskayaw
Yredelemnul
Zin

Shops:
D:4 *


Innate Abilities, Weirdness & Mutations

You can walk through water.
Your dull iron-grey scales are very hard. (AC +12)
You cannot fit into any form of body armour.
You can survive without breathing.
You are cold-blooded and may be slowed by cold attacks.


Message History

The two-headed ogre misses you.
The two-headed ogre hits you with a giant spiked club.
* * * LOW HITPOINT WARNING * * *
Casting: Blade Hands
Confirm with . or Enter, or press ? or * to list all spells.
Your hands turn into razor-sharp scythe blades.
The two-headed ogre hits you but does no damage.
The two-headed ogre barely misses you.
You slash the two-headed ogre!
The two-headed ogre is lightly wounded.
The two-headed ogre closely misses you.
The two-headed ogre hits you with a giant spiked club!
* * * LOW HITPOINT WARNING * * *
You hit the two-headed ogre but do no damage.
You tail-slap the two-headed ogre.
The two-headed ogre is lightly wounded.
You slice the two-headed ogre!!
The two-headed ogre is heavily wounded.
The two-headed ogre hits you with a giant club!
You die...

#.# #.# #.....).).
#.#######.# #......รท##
#.........# ##.###..#
#.#...###.## #####.###..#
#.#...##.#.###..........#
#.#..>..###...>###.###..#
#.#..###.#.#............#
#.#..####.##.#####.###..#
#.......O@##.# #.# #..#
##...#######.# #.# #..#
#...# #.# #.# #..# ##..#
#.# #.###..##
#..#######.# #..>.....
#..........# #####..##
#.#######..# #..# #.#
#..# #..# #.# #..# #..#


You could see a two-headed ogre.

Vanquished Creatures
  A hornet (D:7)
  A hippogriff (D:7)
  Sigmund (D:2)
  Eustachio (D:6)
  Edmund (D:5)
  2 hell hounds (D:8)
  An orc warrior (D:7)
  2 sky beasts
  2 black bears (D:7)
  An ice beast (D:7)
  5 ogres
  2 centaurs (D:8)
  4 bullfrogs
  4 wights (D:7)
  2 howler monkeys
  3 crimson imps
  A centaur zombie (D:8)
  A bullfrog skeleton (D:4)
  3 orc priests
  4 hounds
  3 jellies
  8 orc wizards
  Crazy Yiuf (D:2)
  A centaur skeleton (D:8)
  An iguana (D:7)
  10 worker ants
  A worker ant zombie (D:6)
  A howler monkey zombie (D:6)
  3 gnolls (D:5)
  6 adders
  2 shadow imps (D:6)
  An ooze (D:5)
  An adder skeleton (D:4)
  An adder zombie (D:5)
  2 worms
  A dart slug (D:1)
  3 leopard geckos
  18 orcs
  6 giant cockroaches
  10 goblins
  7 hobgoblins
  5 jackals
  14 kobolds
  10 quokkas
  3 ball pythons
  6 bats
  7 frilled lizards
  A giant cockroach zombie (D:6)
  A jackal skeleton (D:4)
  A quokka skeleton (D:4)
  7 rats
184 creatures vanquished.

Notes
Turn   | Place    | Note
-------+----------+-------------------------------------------
     0 | D:1      | Econoterrorist the Draconian Transmuter began the quest for the Orb.
     0 | D:1      | Reached XP level 1. HP: 16/16 MP: 3/3
   641 | D:1      | Reached XP level 2. HP: 22/23 MP: 5/5
  1043 | D:1      | Reached XP level 3. HP: 28/28 MP: 6/6
  1103 | D:1      | Learned a level 3 spell: Spider Form
  1171 | D:2      | Found a sparkling altar of Nemelex Xobeh.
  1249 | D:2      | Noticed Sigmund
  1758 | D:2      | Killed Sigmund
  1758 | D:2      | Reached XP level 4. HP: 31/35 MP: 4/7
  1758 | D:2      | Reached XP level 5. HP: 36/40 MP: 4/8
  2503 | D:2      | Found a runed door.
  2563 | D:2      | Noticed Crazy Yiuf
  2570 | D:2      | Killed Crazy Yiuf
  2828 | D:2      | Reached XP level 6. HP: 45/47 MP: 9/9
  2835 | D:2      | Learned a level 5 spell: Blade Hands
  3110 | D:3      | Found a white marble altar of Elyvilon.
  3445 | D:3      | Found a deep blue altar of Sif Muna.
  3451 | D:3      | Became a worshipper of Sif Muna the Loreminder
  3720 | D:3      | Reached skill level 5 in Transmutations
  4003 | D:4      | Found Perolo's General Store.
  4187 | D:4      | HP: 1/47 [bullfrog skeleton (5)]
  4658 | D:4      | Reached skill level 5 in Unarmed Combat
  4658 | D:4      | Your scales start taking on a dull iron-grey colour.
  4658 | D:4      | Reached XP level 7. HP: 52/52 MP: 6/10
  4658 | D:4      | Gained mutation: You can survive without breathing. [Grey Draconian growth]
  4681 | D:4      | Bought a scroll of random uselessness for 10 gold pieces
  4681 | D:4      | Bought a potion of might for 40 gold pieces
  5302 | D:5      | Entered Level 5 of the Dungeon
  5328 | D:5      | Noticed Edmund
  5342 | D:5      | Killed Edmund
  5342 | D:5      | Reached skill level 3 in Spellcasting
  5612 | D:5      | Reached * piety under Sif Muna
  5620 | D:5      | Reached XP level 8. HP: 54/59 MP: 9/13
  5782 | D:5      | Reached skill level 4 in Spellcasting
  5944 | D:5      | Found a staircase to the Ecumenical Temple.
  5962 | Temple   | Entered the Ecumenical Temple
  6689 | D:6      | Found an ancient bone altar of Kikubaaqudgha.
  6919 | D:6      | Noticed Eustachio
  6939 | D:6      | Killed Eustachio
  6939 | D:6      | Reached ** piety under Sif Muna
  6939 | D:6      | Reached skill level 5 in Spellcasting
  7014 | D:6      | Found a stormy altar of Qazlal.
  7018 | D:6      | Noticed an air elemental
  7115 | D:6      | Found a burning altar of Makhleb.
  7198 | D:6      | Learned a level 4 spell: Ice Form
  7235 | D:6      | Found a snail-covered altar of Cheibriados.
  7721 | D:7      | Noticed a hornet
  7742 | D:7      | Killed a hornet
  7742 | D:7      | Reached skill level 6 in Spellcasting
  7742 | D:7      | Reached XP level 9. HP: 38/64 MP: 9/18
  8887 | D:7      | Reached *** piety under Sif Muna
  8899 | D:7      | Reached skill level 7 in Spellcasting
  9259 | D:7      | Found a hazy altar of Hepliaklqana.
  9481 | D:7      | Reached skill level 8 in Spellcasting
  9700 | D:8      | Found a blossoming altar of Fedhas.
  9871 | D:8      | Found a staircase to the Lair.
  9892 | D:8      | Reached skill level 9 in Spellcasting
 10004 | D:8      | Reached **** piety under Sif Muna
 10357 | D:8      | Noticed a two-headed ogre
 10495 | D:7      | Slain by a two-headed ogre

Vault maps used:
D:1:      dpeg_arrival_snail
D:2:      nemelex_xobeh_ov_fountains_minmay, uniq_crazy_yiuf_cottage,
          uniq_sigmund
D:3:      overflow_temple_1_default, overflow_temple_1_default
D:4:      first_bread, serial_shops, nicolae_shop_competitors_out_of_business,
          kennysheep_generic_room_10
D:5:      minmay_temple_entry_glass, uniq_edmund
D:6:      kiku_gazebo_pond_becter, kennysheep_mini, kennysheep_mini_moat,
          nicolae_qazlal_style_of_elements, uniq_eustachio
D:7:      lemuel_coloured_pillars_altar
D:8:      old_standard_altar, minmay_lair_entry_lava,
          hangedman_little_slice_of_home
Temple:   compressed_dpeg_triangle_lava_temple

Skill      XL: |  1  2  3  4  5  6  7  8  9 |
---------------+----------------------------+-----
Unarmed Combat | 4 5 6 |  6.0
Transmutations | 3 4 5 6 8 |  8.3
Poison Magic   | 2 3 |  3.4
Spellcasting   | 3 6 9 |  9.4
Fighting       | |  1.1
Dodging        | |  1.7

Action                   |  1- 3 |  4- 6 |  7- 9 || total
-------------------------+-------+-------+-------++-------
Melee: Unarmed           |   128 |   268 |   502 ||   898
       Tailslap          |     9 |    17 |    38 ||    64
       Kick              |     4 |    12 |     5 ||    21
       Headbutt          |     3 |     3 |    15 ||    21
       Punch             |     1 |     4 |     9 ||    14
 Cast: Beastly Appendage |     5 |     9 |    10 ||    24
       Spider Form       |     2 |     6 |    11 ||    19
       Blade Hands       |       |       |    11 ||    11
  Use: Scroll            |       |       |     7 ||     7
       Potion            |       |       |     1 ||     1
 Stab: Sleeping          |     1 |       |       ||     1
       Distracted        |       |     1 |       ||     1
  Eat: Chunk             |     2 |     7 |    21 ||    30
       Royal jelly       |     1 |     1 |     1 ||     3
       Fruit             |       |     1 |       ||     1
Armor: Skin              |    31 |    86 |   152 ||   269
Dodge: Dodged            |    74 |   146 |   285 ||   505
